 Dungeon Crawl Stone Soup version 0.20-a0-433-g9e36e56 (webtiles) character file.

1393 Gorice the Summoner (level 9, 0/45 HPs)
             Began as a Kobold Summoner on Jan 4, 2017.
             Slain by an orc warrior
             ... wielding a +0 scimitar
              (15 damage)
             ... on level 5 of the Dungeon.
             The game lasted 01:04:00 (7782 turns).

Gorice the Summoner (Kobold Summoner)               Turns: 7782, Time: 01:04:01

Health: 0/45       AC:  7    Str:  6    XL:     9   Next: 0%
Magic:  5/12       EV: 15    Int: 18    God:
Gold:   258        SH:  0    Dex: 16    Spells: 6/12 levels left

rFire  . . .     SeeInvis .     a - +2 dagger (venom)
rCold  . . .     Gourm    .     k - +0 robe
rNeg   . . .     Faith    .     (shield restricted)
rPois  .         Spirit   .     g - +0 helmet
rElec  .         Reflect  .     H - +0 cloak
rCorr  .         Harm     .     (no gloves)
MR     .....                    (no boots)
Stlth  ++........               (no amulet)
                                t - +1 ring of slaying
                                d - +3 ring of protection

@: no status effects
A: carnivore 3
a: no special abilities


You were on level 5 of the Dungeon.
You were very full.

You visited 2 branches of the dungeon, and saw 7 of its levels.

You collected 258 gold pieces.

Inventory:

Hand Weapons
 a - a +2 dagger of venom (weapon)
   (You took it off a goblin on level 2 of the Dungeon)
 b - a +0 hunting sling
 e - a +0 dagger
 u - a +0 flail
 v - a +1 short sword
 A - a +2 flail of holy wrath
   (You took it off Edmund on level 4 of the Dungeon)
 N - a +0 rapier
Missiles
 l - 5 curare-tipped needles
 q - 39 bolts
 C - 30 sling bullets
 Z - 181 stones (quivered)
Armour
 g - a +0 helmet (worn)
 k - a +0 robe (worn)
 r - a +0 ring mail
 H - a +0 cloak (worn)
 J - the cursed +0 shield of Restlessness {rC+ Int+4 SInv, unknown}
   (You found it on level 5 of the Dungeon)

   It affects your intelligence (+4).
   It protects you from cold.
   It lets you see invisible.
   It has a curse placed upon it.
Jewellery
 d - a +3 ring of protection (left hand)
 t - a +1 ring of slaying (right hand)
Wands
 y - a wand of paralysis (7/24)
Scrolls
 f - 2 scrolls of enchant weapon
 n - 3 scrolls of identify
 p - 3 scrolls of teleportation {!r}
 B - a scroll of amnesia {unknown}
 D - a scroll of enchant armour {unknown}
 F - 2 scrolls of remove curse {unknown}
 G - 2 scrolls of magic mapping {!r}
 L - a scroll of immolation {unknown}
Potions
 h - 2 potions of might {!q}
 i - 4 potions of curing
 j - a potion of resistance {!q}
 m - a potion of invisibility {!q}
 o - a potion of haste {!q}
 w - a potion of cancellation {!q}
 x - 2 potions of brilliance {!q}
 I - a potion of lignification {!q}
Books
 s - a book of Callings
Comestibles
 c - 8 meat rations {!e}
 z - a beef jerky
 E - a royal jelly
 K - a slice of pizza


   Skills:
 - Level 2.4 Dodging
 - Level 2.6 Stealth
 - Level 2.1 Spellcasting
 * Level 11.0 Summonings


You had 6 spell levels left.
You knew the following spells:

 Your Spells              Type           Power        Failure   Level  Hunger
a - Summon Small Mammal   Summ           ####         1%          1    #......
b - Call Imp              Summ           #####...     1%          2    ###....
c - Call Canine Familiar  Summ           #####...     1%          3    ###....


Dungeon Overview and Level Annotations

Branches:
Dungeon (6/15)             Temple (1/1) D:4

Altars:
Ashenzari
Cheibriados
Dithmenos
Elyvilon
Fedhas
Gozag
Hepliaklqana
Kikubaaqudgha
Nemelex Xobeh
Okawaru
Qazlal
Ru
Trog
Uskayaw
Vehumet
Yredelemnul
The Shining One

Annotations:
D:5 5 runed doors: vpUX: staff of olgreb vault


Innate Abilities, Weirdness & Mutations

You are small and have problems with some larger weapons.
You are carnivorous and can eat meat at any time.


Message History

Confirm with . or Enter, or press ? or * to list all spells.
The orc warrior barely misses you.
Your hound misses the orc warrior. The orc hits you.
* * * LOW HITPOINT WARNING * * *
Damage: 2 (max 23)
Your hound bites the orc.
Your hound bites the orc warrior but does no damage.
Your hound bites the orc warrior.
Your hound barely misses the orc warrior.
Your hound closely misses the orc warrior.
Casting: Call Canine Familiar
Confirm with . or Enter, or press ? or * to list all spells.
Your quokka barely misses the orc.
The orc hits your quokka.
Your quokka misses the orc.
Your hound completely misses the orc.
The orc hits your quokka but does no damage.
Your quokka barely misses the orc.
There is a stone staircase leading down here.
Your quokka closely misses the orc.
The orc misses your quokka.
Your hound bites the orc but does no damage.
You see here a water moccasin corpse.
Your quokka bites the orc.
Casting: Summon Small Mammal
Confirm with . or Enter, or press ? or * to list all spells.
The orc warrior misses you.
Your magical contamination has completely faded away.
Your hound bites the orc but does no damage.
You swap places.
Your bat closely misses the orc warrior. x2
The orc warrior barely misses your bat.
Your bat barely misses the orc warrior.
The orc warrior hits your bat with a scimitar!!
Your bat dies!
Your bat's corpse disappears in a puff of smoke!
Casting: Summon Small Mammal
Confirm with . or Enter, or press ? or * to list all spells.
You swap places.
Your quokka bites the orc warrior.
The orc hits your quokka with a flail!
Your quokka dies!
Your quokka's corpse disappears in a puff of smoke!
The orc hits something.
Your hound bites the orc.
The orc dies!
Your quokka disappears in a puff of smoke!
Casting: Summon Small Mammal
Confirm with . or Enter, or press ? or * to list all spells.
The orc warrior hits you with a scimitar!
You die...

..# #.(.## #....###....%....#)#.
..# ###.(###..####..##.>.#..###.
..#### ##(((..................#..
.....######(...######...#.....#.#
..##...................###.#..#.#
#..#######.#..#..............)...
##..# #..#.##.r####............
##.# ###.##.#.o.# #.........###
#.###...##.#.#@####.#########
#..##.####...#.........##
##....####..#######.##..###
####..#.h.## #.###...##
######...#.#.# #.# ###..####
.......#...#.# #.# ##.....
......o#...#.########.###########
.......##........................
......o###>#.#######.############


You could see an orc warrior and a friendly quokka.

Vanquished Creatures
  An orc warrior (D:6)
  An ice beast (D:5)
  2 centaurs
  2 worker ants
  3 adders
  A shadow imp (D:5)
  2 oozes
  2 worms
  2 dart slugs (D:2)
  5 leopard geckos
  6 orcs
  3 giant cockroaches
  8 goblins
  8 hobgoblins
  A jackal (D:2)
  3 quokkas
  4 bats
  4 frilled lizards
  4 kobolds
  A leopard gecko zombie (D:4)
  2 rats (D:2)
65 creatures vanquished.

Vanquished Creatures (collateral kills)
  The ghost of junkhipster the Cudgeler, an amateur DsBe of Trog (D:5)
  Sigmund (D:4)
  Menkaure (D:4)
  Edmund (D:4)
  A water moccasin (D:5)
  A sky beast (D:4)
  A phantom (D:4)
  The ghost of junkhipster the Chopper, an amateur DsBe of Trog (D:3)
  2 bullfrogs (D:6)
  A scorpion (D:5)
  A wyvern skeleton (D:6)
  A howler monkey (D:6)
  2 iguanas (D:4)
  Jessica (D:3)
  2 worker ants (D:5)
  Terence (D:2)
  A hound skeleton (D:6)
  Robin (D:2)
  4 gnolls
  A howler monkey skeleton (D:4)
  4 adders
  2 oozes
  2 worms (D:2)
  2 dart slugs (D:1)
  A leopard gecko (D:3)
  6 orcs
  2 giant cockroaches (D:2)
  7 hobgoblins
  5 jackals
  2 bats (D:2)
  2 frilled lizards
  15 goblins
  A jackal zombie (D:6)
  3 kobolds
  2 quokka zombies
  2 rats (D:1)
84 creatures vanquished.

Grand Total: 149 creatures vanquished

Notes
Turn   | Place    | Note
-------+----------+-------------------------------------------
     0 | D:1      | Gorice the Kobold Summoner began the quest for the Orb.
     0 | D:1      | Reached XP level 1. HP: 10/10 MP: 3/3
   154 | D:1      | Reached XP level 2. HP: 15/15 MP: 1/5
   601 | D:1      | Learned a level 2 spell: Call Imp
   664 | D:2      | HP: 4/15 [hobgoblin/club (4)]
  1079 | D:2      | Reached XP level 3. HP: 16/19 MP: 1/6
  1216 | D:2      | Reached skill level 5 in Summonings
  1527 | D:2      | Noticed Robin
  1566 | D:2      | Killed Robin
  1566 | D:2      | Reached XP level 4. HP: 17/24 MP: 1/7
  1825 | D:2      | Noticed Terence
  1895 | D:2      | Killed Terence
  2194 | D:2      | Found a stormy altar of Qazlal.
  2195 | D:2      | Found a snail-covered altar of Cheibriados.
  2202 | D:2      | Found a radiant altar of Vehumet.
  2397 | D:2      | Reached skill level 6 in Summonings
  2397 | D:2      | Reached XP level 5. HP: 27/28 MP: 8/8
  2402 | D:2      | Learned a level 3 spell: Call Canine Familiar
  2716 | D:3      | Found a bloodstained altar of Trog.
  2717 | D:3      | Noticed Jessica
  2735 | D:3      | Killed Jessica
  2781 | D:3      | Found an iron altar of Okawaru.
  3026 | D:3      | Noticed junkhipster's ghost (amateur DsBe)
  3103 | D:3      | Killed junkhipster's ghost
  3327 | D:3      | Reached XP level 6. HP: 23/32 MP: 5/9
  3352 | D:3      | HP: 8/32 [gnoll/halberd (18)]
  4023 | D:4      | Reached skill level 7 in Summonings
  4149 | D:4      | Found a white marble altar of Elyvilon.
  4217 | D:4      | Noticed Menkaure
  4254 | D:4      | Found a shattered altar of Ashenzari.
  4326 | D:4      | Noticed a phantom
  4375 | D:4      | Killed a phantom
  4745 | D:4      | Noticed Edmund
  4787 | D:4      | Killed Edmund
  4787 | D:4      | Reached skill level 8 in Summonings
  4787 | D:4      | Reached XP level 7. HP: 23/36 MP: 1/10
  5309 | D:4      | Killed Menkaure
  5347 | D:4      | Noticed Sigmund
  5560 | D:4      | Killed Sigmund
  5560 | D:4      | Reached skill level 9 in Summonings
  5725 | D:4      | Found a staircase to the Ecumenical Temple.
  5746 | Temple   | Entered the Ecumenical Temple
  6310 | D:5      | Entered Level 5 of the Dungeon
  6357 | D:5      | Noticed a soldier ant
  6403 | D:5      | Noticed a water moccasin
  6409 | D:5      | Reached XP level 8. HP: 41/41 MP: 7/11
  6412 | D:5      | Found a runed gate.
  6414 | D:5      | Got a dazzling shield
  6415 | D:5      | Found a runed door.
  6450 | D:5      | Found a runed gate.
  6450 | D:5      | Found a runed gate.
  6538 | D:5      | Noticed junkhipster's ghost (amateur DsBe)
  6557 | D:5      | Killed junkhipster's ghost
  6676 | D:5      | Reached skill level 10 in Summonings
  6830 | D:5      | Found a runed door.
  6843 | D:5      | Found a sacrificial altar of Ru.
  7385 | D:6      | HP: 12/41 [wyvern skeleton (2)]
  7672 | D:5      | Reached skill level 11 in Summonings
  7672 | D:5      | Reached XP level 9. HP: 43/45 MP: 4/12
  7740 | D:5      | HP: 11/45 [orc warrior/scimitar (23)]
  7749 | D:5      | HP: 10/45 [orc (3)]
  7782 | D:5      | Slain by an orc warrior

Vault maps used:
D:1:      minmay_arrival_semitransparent
D:2:      kennysheep_goblin_castle, grunt_temple_overflow_open,
          grunt_ministairs_6, minmay_fountain_box, guppyfry_early_orc_mine,
          uniq_terence
D:3:      bloody_trog, okawaru_trees_1, hex_large, nicolae_underground_beach,
          uniq_jessica
D:4:      elyvilon_altar_5, lemuel_crystal_altar, grunt_ministairs_2,
          kennysheep_generic_room_8, uniq_menkaure, uniq_edmund, uniq_sigmund
D:5:      nicolae_ru_path_of_blood, first_bread,
          minmay_guarded_unrand_staff_of_olgreb
D:6:      minmay_opposing_rooms, lightli_orcish_oven
Temple:   compressed_dpeg_triangle_lava_temple

Skill      XL: |  1  2  3  4  5  6  7  8 |
---------------+-------------------------+-----
Summonings     | 5 6 8 9 11 | 11.0
Dodging        | |  2.4
Stealth        | |  2.6
Spellcasting   | |  2.1

Action                   |  1- 3 |  4- 6 |  7- 9 || total
-------------------------+-------+-------+-------++-------
Melee: Short sword       |    42 |    15 |       ||    57
       Unarmed           |     1 |       |       ||     1
       Dagger            |       |    61 |    63 ||   124
 Fire: Hunting sling     |    13 |   121 |    36 ||   170
Throw: Stone             |     1 |     3 |       ||     4
 Cast: Summon Small Mamm |    88 |    80 |    46 ||   214
       Call Canine Famil |       |     3 |    12 ||    15
       Call Imp          |       |     1 |     8 ||     9
  Use: Scroll            |     7 |     5 |     1 ||    13
 Stab: Sleeping          |       |     3 |     1 ||     4
       Distracted        |       |     1 |     1 ||     2
  Eat: Chunk             |    11 |    12 |    11 ||    34
Armor: Robe              |    18 |    25 |    19 ||    62
Dodge: Dodged            |    55 |    92 |    69 ||   216

Table legend:
 A = Turns spent in this place as a percentage of turns spent in the entire game.
 B = Non-inter-level travel turns spent in this place as a percentage of non-inter-level travel turns spent in the entire game.
 C = Inter-level travel turns spent in this place as a percentage of turns spent in this place.
 D = Turns resting spent in this place as a percentage of non-inter-level travel turns spent in this place.
 E = Turns spent auto-exploring this place as a percentage of non-inter-level travel turns spent in this place.
 F = Non-inter-level travel turns spent in this place divided by the number of levels of this place that you've seen.
                   A       B       C       D       E      F
               +-------+-------+-------+-------+-------+----------------------
         Total | 100.0 | 100.0 |   0.4 |   1.7 |   4.2 | 419.3
       Dungeon |  98.4 |  98.4 |   0.4 |   1.8 |   3.9 | 481.2
        Temple |   1.6 |   1.6 |   0.0 |   0.0 |  16.7 |  48.0
               +-------+-------+-------+-------+-------+----------------------

Vault maps used:
D:1:      minmay_arrival_semitransparent
D:2:      kennysheep_goblin_castle, grunt_temple_overflow_open,
          grunt_ministairs_6, minmay_fountain_box, guppyfry_early_orc_mine,
          uniq_terence
D:3:      bloody_trog, okawaru_trees_1, hex_large, nicolae_underground_beach,
          uniq_jessica
D:4:      elyvilon_altar_5, lemuel_crystal_altar, grunt_ministairs_2,
          kennysheep_generic_room_8, uniq_menkaure, uniq_edmund, uniq_sigmund
D:5:      nicolae_ru_path_of_blood, first_bread,
          minmay_guarded_unrand_staff_of_olgreb
D:6:      minmay_opposing_rooms, lightli_orcish_oven
Temple:   compressed_dpeg_triangle_lava_temple
